 Dungeon Crawl Stone Soup version 0.22-a0-410-g97be04f (webtiles) character file.

54296 galech the Nimble (level 14, -1/109 HPs)
             Began as a Gnoll Wanderer on May 11, 2018.
             Was a High Priest of Okawaru.
             Killed from afar by an acid blob (4 damage)
             ... with a splash of acid
             ... on level 5 of the Lair of Beasts.
             The game lasted 00:59:17 (28698 turns).

galech the Nimble (Gnoll Wanderer)                 Turns: 28698, Time: 00:59:17

Health: -1/109     AC:  6    Str: 16    XL:     14   Next: 72%
Magic:  0/27       EV: 26    Int: 16    God:    Okawaru [*****.]
Gold:   1852       SH:  0    Dex: 21    Spells: 26/31 levels left

rFire    . . .     SeeInvis .   X - +5 dire flail (protect)
rCold    . . .     Gourm    .   (shield currently unavailable)
rNeg     . . .     Faith    +   F - +1 leather armour of Follow the Leader {Dex+4 Slay+2}
rPois    .         Spirit   +   G - +2 helmet
rElec    .         Reflect  .   V - scarf {Spirit}
rCorr    +         Harm     .   p - +2 pair of gloves {archery}
MR       +....                  O - +0 pair of boots {Fly}
Stlth    ++++++....             A - amulet of faith
HPRegen  0.28/turn              o - ring of resist corrosion
MPRegen  0.20/turn              C - ring of wizardry

@: about to teleport, heroism, corroded, flying
A: distributed training, fangs 1, strong nose
a: Heroism, Finesse, Renounce Religion, Stop Flying


You were on level 5 of the Lair of Beasts.
You worshipped Okawaru.
Okawaru was extremely pleased with you.
You were not hungry.

You visited 3 branches of the dungeon, and saw 18 of its levels.

You collected 1945 gold pieces.
You spent 93 gold pieces at shops.

Inventory:

Hand Weapons
 e - a +0 blowgun
 v - a +2 longbow of flaming
 M - a +2 falchion of venom
 X - a +5 dire flail of protection (weapon)
Missiles
 d - 28 poisoned needles
 n - 24 curare-tipped needles
 r - 121 arrows
 I - 2 needles of sleeping
Armour
 c - a +0 large shield
 j - a +1 ring mail of cold resistance
 p - a +2 pair of gloves of archery (worn)
 y - a +1 robe of positive energy
 F - the +1 leather armour of Follow the Leader (worn) {Dex+4 Slay+2}
   (You found it on level 5 of the Dungeon)

   It affects your dexterity (+4).
   It affects your accuracy and damage with ranged weapons and melee attacks
   (+2).
 G - a +2 helmet (worn)
 K - a +0 buckler of reflection
 O - a +0 pair of boots of flying (worn)
 V - a scarf of spirit shield (worn)
Jewellery
 f - an uncursed ring of positive energy
 o - a ring of resist corrosion (left hand)
 s - a cursed ring of loudness {unknown}
 x - an uncursed ring of protection from fire
 A - an amulet of faith (around neck)
 C - a ring of wizardry (right hand)
 Q - an uncursed ring of ice
 S - a cursed amulet of inaccuracy {unknown}
Wands
 a - a wand of acid (5)
 W - a wand of digging (16)
Scrolls
 b - 3 scrolls of blinking
 h - 4 scrolls of teleportation
 l - 8 scrolls of remove curse
 q - 2 scrolls of magic mapping
 E - a scroll of brand weapon {unknown}
 H - a scroll of enchant armour
 L - 3 scrolls of amnesia
 N - 5 scrolls of fog
Potions
 i - 4 potions of berserk rage
 m - a potion of agility
 t - 3 potions of might
 u - 2 potions of mutation
 w - 6 potions of brilliance
 B - 5 potions of curing {unknown}
 D - 2 potions of haste
 P - 3 potions of ambrosia
 T - a potion of resistance
 Z - a potion of cancellation
Comestibles
 g - 49 rations


   Skills:
 + Level 9.7(14.7) Fighting
 + Level 9.3(14.3) Short Blades
 + Level 9.3(14.3) Long Blades
 + Level 9.3(14.3) Axes
 + Level 9.3(14.3) Maces & Flails
 + Level 9.3(14.3) Polearms
 + Level 9.7(14.7) Staves
 + Level 9.3(14.3) Slings
 + Level 9.3(14.3) Bows
 + Level 9.3(14.3) Crossbows
 + Level 10.3(15.3) Throwing
 + Level 9.3(14.3) Armour
 + Level 11.2(16.2) Dodging
 + Level 9.6(14.6) Stealth
 + Level 9.3(14.3) Shields
 + Level 10.3(15.3) Unarmed Combat
 + Level 9.3 Spellcasting
 + Level 7.8 Conjurations
 + Level 7.8 Hexes
 + Level 7.8 Charms
 + Level 7.8 Summonings
 + Level 7.8 Necromancy
 + Level 7.8 Translocations
 + Level 7.8 Transmutations
 + Level 7.8 Fire Magic
 + Level 7.8 Ice Magic
 + Level 7.8 Air Magic
 + Level 7.8 Earth Magic
 + Level 7.8 Poison Magic
 + Level 10.1 Invocations
 + Level 9.3 Evocations


You had 26 spell levels left.
You knew the following spells:

 Your Spells              Type           Power        Failure   Level  Hunger
a - Conjure Flame         Conj/Fire      ####....     1%          3    #......
b - Blink                 Tloc           N/A          1%          2    None


Dungeon Overview and Level Annotations

Branches:
Dungeon (11/15)            Temple (0/1) D:6            Lair (5/6) D:10
 Shoals (0/4) Lair:4        Snake (0/4) Lair:2        Slime (0/5) Lair:5
    Orc (2/2) D:11            Elf (0/3) Orc:2

Altars:
Cheibriados
Dithmenos
Elyvilon
Fedhas
Okawaru
Ru
Sif Muna
Vehumet
The Shining One
Jiyva

Shops:
Orc:1 *   Orc:2 [=*(


Innate Abilities, Weirdness & Mutations

Your experience applies equally to all skills.
You have very sharp teeth.
Your uncanny sense of smell can sniff out nearby items.


Message History

As you read the scroll of teleportation, it crumbles to dust.
You feel strangely unstable. The acid blob spits acid at you.
The splash of acid hits you! You resist.
* * * LOW HITPOINT WARNING * * *
The acid corrodes you!
You are splashed with acid!
The acid burns!
You resist.
* * * LOW HITPOINT WARNING * * *
The acid blob spits acid at you. The splash of acid hits you! You resist.
* * * LOW HITPOINT WARNING * * *
You are splashed with acid!
The acid burns!
You resist.
* * * LOW HITPOINT WARNING * * *
The acid blob spits acid at you. The splash of acid hits you! You resist.
* * * LOW HITPOINT WARNING * * *
You are splashed with acid!
The acid burns!
You resist.
* * * LOW HITPOINT WARNING * * *
The acid blob spits acid at you. The splash of acid hits you! You resist.
You die...

..............#.##...........# ##
.............................####
.............................#.#.
####...###P....................#.
###....###....................##
#P....######..##................
##....##.>.#..##......../....P..
##...##...#..#.................
##...##._.#..#@................
###....###'##JJ..................
P###...##......#.................
.......##.....###................
##..P.####..### ##..#...#.##.P.#
###P### #### ###########.#.# ###
#####


You could see 2 acid blobs.

Vanquished Creatures
  2 orc warlords
  3 hydras
  3 two-headed ogres
  4 orc high priests
  5 death yaks (Lair:4)
  Nergalle (Lair:2)
  The ghost of Tungsten the Frost Mage, a novice DgIE (D:9)
  4 orc knights
  2 oklob plants (Lair:2)
  3 orc sorcerers
  2 cyclopes
  Maurice (Orc:1)
  A centaur zombie (D:11)
  3 black mambas
  A guardian serpent (Lair:2)
  5 spiny frogs
  14 elephants
  The ghost of galech the Protected, a novice GnWn of Okawaru (D:6)
  5 komodo dragons
  The ghost of Uberwunderbarhen the Ruffian, an amateur TrMo (D:7)
  A polar bear (Lair:3)
  4 trolls
  Grinder (D:3)
  A queen bee (Lair:2)
  2 hornets
  3 hippogriffs
  A snapping turtle (Lair:4)
  18 blink frogs
  A wraith (D:11)
  A wyvern (Lair:3)
  32 yaks
  2 basilisks
  3 hungry ghosts
  5 wargs
  11 water moccasins
  13 porcupines
  37 orc warriors
  3 ice beasts
  A black bear (D:8)
  An eye of draining (D:11)
  9 ogres
  4 phantoms
  9 crocodiles
  A necrophage (D:11)
  3 wolves (Lair:4)
  11 centaurs
  A gnoll sergeant (D:6)
  2 big kobolds
  18 bullfrogs
  3 scorpions (D:10)
  35 killer bees
  4 wights (D:6)
  A howler monkey (D:4)
  2 electric eels
  4 crimson imps
  A jelly (D:7)
  12 hounds
  2 bullfrog zombies
  18 orc priests
  20 orc wizards
  4 bullfrog skeletons
  2 centaur skeletons
  Jessica (D:3)
  3 iguanas
  9 worker ants
  A hound zombie (D:8)
  12 gnolls
  A howler monkey skeleton (D:4)
  14 adders
  A shadow imp (D:7)
  An ooze (D:2)
  2 adder skeletons
  A worm (D:3)
  A dart slug (D:3)
  6 leopard geckos
  92 orcs
  8 giant cockroaches
  31 goblins
  27 hobgoblins
  16 jackals
  15 kobolds
  A quokka (D:10)
  2 ball pythons
  5 bats
  5 frilled lizards
  A jackal skeleton (D:3)
  A leopard gecko zombie (D:7)
  6 rats
632 creatures vanquished.

Vanquished Creatures (others)
  A centaur (D:11)
  2 bushes (D:10)
  38 fungi
  28 plants
69 creatures vanquished.

Grand Total: 701 creatures vanquished

Notes
Turn   | Place    | Note
-------+----------+-------------------------------------------
     0 | D:1      | galech the Gnoll Wanderer began the quest for the Orb.
     0 | D:1      | galech set off with: a +2 dagger, a scroll of blinking, a potion of lignification, 12 poisoned needles, a +0 blowgun, a +0 robe, a ration
     0 | D:1      | Reached XP level 1. HP: 17/17 MP: 1/1
   148 | D:1      | Reached XP level 2. HP: 11/23 MP: 2/2
  1172 | D:1      | Reached XP level 3. HP: 27/28 MP: 3/3
  1227 | D:2      | Reached skill level 1 in Invocations
  1327 | D:2      | Reached skill level 1 in Short Blades
  1327 | D:2      | Reached skill level 1 in Long Blades
  1327 | D:2      | Reached skill level 1 in Axes
  1327 | D:2      | Reached skill level 1 in Maces & Flails
  1327 | D:2      | Reached skill level 1 in Polearms
  1327 | D:2      | Reached skill level 1 in Slings
  1327 | D:2      | Reached skill level 1 in Bows
  1327 | D:2      | Reached skill level 1 in Crossbows
  1327 | D:2      | Reached skill level 1 in Armour
  1327 | D:2      | Reached skill level 1 in Shields
  1327 | D:2      | Reached skill level 1 in Spellcasting
  1327 | D:2      | Reached skill level 1 in Evocations
  1327 | D:2      | Reached XP level 4. HP: 26/34 MP: 5/5
  1534 | D:2      | Found a shadowy altar of Dithmenos.
  2103 | D:3      | Found a snail-covered altar of Cheibriados.
  2196 | D:3      | Reached skill level 1 in Conjurations
  2196 | D:3      | Reached skill level 1 in Hexes
  2196 | D:3      | Reached skill level 1 in Charms
  2196 | D:3      | Reached skill level 1 in Summonings
  2196 | D:3      | Reached skill level 1 in Necromancy
  2196 | D:3      | Reached skill level 1 in Translocations
  2196 | D:3      | Reached skill level 1 in Transmutations
  2196 | D:3      | Reached skill level 1 in Fire Magic
  2196 | D:3      | Reached skill level 1 in Ice Magic
  2196 | D:3      | Reached skill level 1 in Air Magic
  2196 | D:3      | Reached skill level 1 in Earth Magic
  2196 | D:3      | Reached skill level 1 in Poison Magic
  2201 | D:3      | Noticed Jessica
  2210 | D:3      | Killed Jessica
  2210 | D:3      | Reached XP level 5. HP: 14/40 MP: 6/6
  2585 | D:3      | Found a deep blue altar of Sif Muna.
  3510 | D:3      | Reached XP level 6. HP: 46/47 MP: 8/8
  3754 | D:3      | Noticed Grinder
  3769 | D:3      | Paralysed by Grinder for 6 turns
  4026 | D:3      | Paralysed by Grinder for 6 turns
  4033 | D:3      | Killed Grinder
  4033 | D:3      | Reached skill level 5 in Throwing
  4033 | D:3      | Reached skill level 5 in Unarmed Combat
  4033 | D:3      | Reached XP level 7. HP: 26/52 MP: 8/10
  4568 | D:3      | Reached skill level 7 in Dodging
  5396 | D:4      | Reached XP level 8. HP: 34/60 MP: 12/12
  5946 | D:5      | Entered Level 5 of the Dungeon
  6261 | D:5      | Found a white marble altar of Elyvilon.
  6261 | D:5      | Found an iron altar of Okawaru.
  6271 | D:5      | Became a worshipper of Warmaster Okawaru
  6652 | D:5      | Got a brightly glowing leather armour
  6663 | D:5      | Identified the cursed +1 leather armour of Follow the Leader {Dex+4 Slay+2} (You found it on level 5 of the Dungeon)
  7017 | D:6      | Noticed galech's ghost (novice GnWn)
  7060 | D:6      | Killed galech's ghost
  7060 | D:6      | Reached * piety under Okawaru
  7171 | D:6      | Found a blossoming altar of Fedhas.
  7238 | D:6      | Reached XP level 9. HP: 66/66 MP: 14/14
  7350 | D:6      | Found a sacrificial altar of Ru.
  7743 | D:6      | Reached ** piety under Okawaru
  7958 | D:6      | Found a staircase to the Ecumenical Temple.
  8215 | D:7      | Reached skill level 5 in Fighting
  8215 | D:7      | Reached skill level 5 in Staves
  8322 | D:7      | Reached skill level 5 in Stealth
  8357 | D:7      | Learned a level 3 spell: Conjure Flame
  8381 | D:7      | Noticed Uberwunderbarhen's ghost (amateur TrMo)
  8474 | D:7      | Found a sacrificial altar of Ru.
  8570 | D:7      | Reached skill level 8 in Dodging
  8600 | D:7      | Reached *** piety under Okawaru
  8600 | D:7      | Reached skill level 5 in Invocations
  8906 | D:7      | Killed Uberwunderbarhen's ghost
  8906 | D:7      | Reached XP level 10. HP: 52/74 MP: 14/17
  9187 | D:8      | Reached skill level 5 in Short Blades
  9187 | D:8      | Reached skill level 5 in Long Blades
  9187 | D:8      | Reached skill level 5 in Axes
  9187 | D:8      | Reached skill level 5 in Maces & Flails
  9187 | D:8      | Reached skill level 5 in Polearms
  9187 | D:8      | Reached skill level 5 in Slings
  9187 | D:8      | Reached skill level 5 in Bows
  9187 | D:8      | Reached skill level 5 in Crossbows
  9187 | D:8      | Reached skill level 5 in Armour
  9187 | D:8      | Reached skill level 5 in Shields
  9187 | D:8      | Reached skill level 5 in Spellcasting
  9187 | D:8      | Reached skill level 5 in Evocations
  9305 | D:8      | Reached **** piety under Okawaru
  9350 | D:8      | Found a radiant altar of Vehumet.
  9531 | D:8      | Noticed a two-headed ogre
  9541 | D:8      | Killed a two-headed ogre
  9541 | D:8      | Reached ***** piety under Okawaru
 10079 | D:9      | Noticed Tungsten's ghost (novice DgIE)
 10133 | D:9      | Killed Tungsten's ghost
 10133 | D:9      | Received a gift from Okawaru
 10643 | D:9      | Reached XP level 11. HP: 62/82 MP: 19/19
 10973 | D:9      | Paralysed by a hornet for 1 turns
 11052 | D:9      | Found a glowing golden altar of the Shining One.
 11384 | D:10     | Entered Level 10 of the Dungeon
 11679 | D:10     | Reached skill level 9 in Dodging
 11814 | D:10     | Reached skill level 5 in Conjurations
 11814 | D:10     | Reached skill level 5 in Hexes
 11814 | D:10     | Reached skill level 5 in Charms
 11814 | D:10     | Reached skill level 5 in Summonings
 11814 | D:10     | Reached skill level 5 in Necromancy
 11814 | D:10     | Reached skill level 5 in Translocations
 11814 | D:10     | Reached skill level 5 in Transmutations
 11814 | D:10     | Reached skill level 5 in Fire Magic
 11814 | D:10     | Reached skill level 5 in Ice Magic
 11814 | D:10     | Reached skill level 5 in Air Magic
 11814 | D:10     | Reached skill level 5 in Earth Magic
 11814 | D:10     | Reached skill level 5 in Poison Magic
 12763 | D:10     | Found a staircase to the Lair.
 13152 | Lair:1   | Entered Level 1 of the Lair of Beasts
 14131 | Lair:1   | Received a gift from Okawaru
 14833 | Lair:1   | Received a gift from Okawaru
 15350 | Lair:2   | Noticed a seven-headed hydra
 15351 | Lair:2   | Reached XP level 12. HP: 48/91 MP: 22/22
 15623 | D:11     | Noticed a two-headed ogre
 15865 | D:11     | Killed a two-headed ogre
 15865 | D:11     | Received a gift from Okawaru
 16226 | D:11     | Received a gift from Okawaru
 16273 | D:11     | Paralysed by a hornet for 2 turns
 16487 | D:11     | Found a staircase to the Orcish Mines.
 16924 | D:11     | Received a gift from Okawaru
 17401 | Orc:1    | Entered Level 1 of the Orcish Mines
 17574 | Orc:1    | Noticed Maurice
 17587 | Orc:1    | Killed Maurice
 17975 | Orc:1    | Noticed an orc warlord
 18233 | D:11     | Received a gift from Okawaru
 18292 | D:11     | Killed an orc warlord
 18435 | Orc:1    | Reached skill level 10 in Dodging
 18529 | Orc:2    | Entered Level 2 of the Orcish Mines
 18529 | Orc:2    | Noticed a two-headed ogre
 18544 | Orc:1    | Killed a two-headed ogre
 19809 | Orc:2    | Reached XP level 13. HP: 61/98 MP: 15/24
 19997 | Orc:2    | Received a gift from Okawaru
 21446 | Orc:2    | Paralysed by an orc sorcerer for 4 turns
 21484 | Orc:2    | Noticed an orc warlord
 21543 | Orc:2    | Killed an orc warlord
 21924 | Orc:2    | Found a staircase to the Elven Halls.
 21954 | Orc:2    | Found Bap Wycellej's Antique Weapon Boutique.
 22041 | Orc:1    | Found Wuogi's Assorted Antiques.
 22335 | Orc:2    | Found Zomeept's General Store.
 22343 | Orc:2    | Bought a scroll of identify for 34 gold pieces
 22506 | Orc:2    | Bought a scroll of magic mapping for 59 gold pieces
 22520 | Orc:2    | Found Duost's Jewellery Shoppe.
 22534 | Orc:2    | Found Onaod's Antique Armour Shop.
 23207 | Lair:2   | Received a gift from Okawaru
 23575 | Lair:2   | Noticed Nergalle
 23587 | Lair:2   | Killed Nergalle
 23669 | Lair:2   | Found a staircase to the Snake Pit.
 25044 | Lair:2   | Received a gift from Okawaru
 25194 | Lair:3   | Received a gift from Okawaru
 25194 | Lair:3   | Reached XP level 14. HP: 43/108 MP: 10/26
 25889 | Lair:3   | Reached skill level 10 in Throwing
 25889 | Lair:3   | Reached skill level 10 in Unarmed Combat
 26094 | Lair:3   | Received a gift from Okawaru
 26686 | Lair:4   | Reached skill level 11 in Dodging
 27358 | Lair:4   | Found a staircase to the Shoals.
 27677 | Lair:5   | Received a gift from Okawaru
 27677 | Lair:5   | Reached skill level 10 in Invocations
 27894 | Lair:5   | Learned a level 2 spell: Blink
 28672 | Lair:5   | Found a runed door.
 28672 | Lair:5   | Found a viscous altar of Jiyva.
 28672 | Lair:5   | Found a staircase to the Slime Pits.
 28672 | Lair:5   | Noticed an acid blob
 28672 | Lair:5   | Noticed an acid blob
 28697 | Lair:5   | HP: 3/109 [acid (6)]
 28698 | Lair:5   | Killed from afar by an acid blob

Vault maps used:
D:1:      dpeg_arrival_connections, minmay_misc_feat_tiny
D:2:      nicolae_dithmenos_shadow_blocks, dk_vineyard_1
D:3:      minmay_goblin_kobold_castle, kennysheep_slug_shrine, led_sif_book,
          first_ration, uniq_jessica, uniq_grinder
D:4:      corexii_shack, minmay_three_crescents
D:5:      gammafunk_temple_overflow_pools, corexii_corridor_pit
D:6:      hangedman_ru_absence, lemuel_doored_altar,
          minmay_temple_entry_enclosed_plants
D:7:      basic_altar
D:8:      vehumet_altar_wand_db, blue_anna_alchemist
D:9:      old_standard_altar
D:10:     minmay_lair_entry_grove
D:11:     orc_0_dummy
Lair:1:   serial_bayou_shore_b
Lair:2:   minmay_snake_entry_spellcaster, special_room,
          nicolae_quartered_pool_little, minmay_lair_oklob_chamber,
          lemuel_fruit_tree, uniq_nergalle
Lair:4:   minmay_shoals_entry_hut, lab_entry_generic,
          infiniplex_staircase_pool_2
Lair:5:   minmay_lair_oklob_tunnel, slime_altar_2
Orc:1:    serial_shops, shop, uniq_maurice
Orc:2:    grunt_orc_gardens, grunt_orc_garden, grunt_orc_garden,
          grunt_orc_garden, grunt_orc_garden

Skill      XL: |  1  2  3  4  5  6  7  8  9 10 11 12 13 14 |
---------------+-------------------------------------------+-----
Invocations    | 1 2 3 4 5 6 7 8 9 10 | 10.1
Short Blades   | 1 2 3 4 5 6 7 8 9 |  9.3
Long Blades    | 1 2 3 4 5 6 7 8 9 |  9.3
Axes           | 1 2 3 4 5 6 7 8 9 |  9.3
Maces & Flails | 1 2 3 4 5 6 7 8 9 |  9.3
Polearms       | 1 2 3 4 5 6 7 8 9 |  9.3
Slings         | 1 2 3 4 5 6 7 8 9 |  9.3
Bows           | 1 2 3 4 5 6 7 8 9 |  9.3
Crossbows      | 1 2 3 4 5 6 7 8 9 |  9.3
Armour         | 1 2 3 4 5 6 7 8 9 |  9.3
Shields        | 1 2 3 4 5 6 7 8 9 |  9.3
Spellcasting   | 1 2 3 4 5 6 7 8 9 |  9.3
Evocations     | 1 2 3 4 5 6 7 8 9 |  9.3
Conjurations   | 1 2 3 4 5 6 7 |  7.8
Hexes          | 1 2 3 4 5 6 7 |  7.8
Charms         | 1 2 3 4 5 6 7 |  7.8
Summonings     | 1 2 3 4 5 6 7 |  7.8
Necromancy     | 1 2 3 4 5 6 7 |  7.8
Translocations | 1 2 3 4 5 6 7 |  7.8
Transmutations | 1 2 3 4 5 6 7 |  7.8
Fire Magic     | 1 2 3 4 5 6 7 |  7.8
Ice Magic      | 1 2 3 4 5 6 7 |  7.8
Air Magic      | 1 2 3 4 5 6 7 |  7.8
Earth Magic    | 1 2 3 4 5 6 7 |  7.8
Poison Magic   | 1 2 3 4 5 6 7 |  7.8
Fighting       | 3 4 5 6 7 8 9 |  9.7
Staves         | 3 4 5 6 7 8 9 |  9.7
Throwing       | 5 6 7 8 9 10 | 10.3
Stealth        | 3 4 5 6 7 8 9 |  9.6
Unarmed Combat | 5 6 7 8 9 10 | 10.3
Dodging        | 7 8 9 10 11 | 11.2

Action                   |  1- 3 |  4- 6 |  7- 9 | 10-12 | 13-15 || total
-------------------------+-------+-------+-------+-------+-------++-------
Melee: Dagger            |   167 |    13 |       |       |       ||   180
       Bite              |    12 |    11 |    71 |   186 |   175 ||   455
       Punch             |     1 |     2 |    11 |       |       ||    14
       Mace              |       |   153 |   403 |       |       ||   556
       Long sword        |       |    17 |       |       |       ||    17
       Falchion          |       |       |    98 |   798 |   343 ||  1239
       Dire flail        |       |       |       |   255 |   577 ||   832
 Fire: Longbow           |       |       |       |       |   126 ||   126
       Shortbow          |       |       |       |       |    30 ||    30
       Blowgun           |       |       |       |       |    10 ||    10
 Cast: Conjure Flame     |       |       |     1 |       |       ||     1
Invok: Heroism           |       |       |     1 |     6 |     9 ||    16
       Finesse           |       |       |       |     3 |     4 ||     7
  Use: Scroll            |       |       |    12 |     6 |    10 ||    28
       Potion            |       |       |       |     1 |     2 ||     3
 Stab: Sleeping          |     4 |     2 |    13 |    21 |     7 ||    47
       Distracted        |       |       |     4 |     4 |     3 ||    11
  Eat: Chunk             |     1 |     9 |    21 |    32 |    16 ||    79
       Ration            |       |       |       |     2 |     4 ||     6
Armor: Robe              |     8 |       |       |       |       ||     8
       Ring mail         |    23 |    85 |   122 |       |       ||   230
       Leather armour    |       |       |    46 |   225 |   250 ||   521
Dodge: Dodged            |   143 |   171 |   402 |   822 |   855 ||  2393
Block: Buckler           |       |       |    33 |   236 |    48 ||   317
       Reflection        |       |       |       |    11 |       ||    11
       Large shield      |       |       |       |       |    88 ||    88
       Rpst.: Long sword |       |     5 |       |       |       ||     5
       Falchion          |       |       |    16 |   144 |    43 ||   203

Table legend:
 A = Spawn XP
 B = Non-spawn XP
 C = Spawn XP percentage of total XP
 D = Spawn monster count
 E = Non-spawn monster count
 F = Spawn count percentage of total count
 G = Total turns spent on level
                    A         B        C        D         E        F      G
               +---------+---------+-------+---------+---------+-------+---------
         Total |       0 |   77567 |   0.0 |       0 |     633 |   0.0 | 28698
               +---------+---------+-------+---------+---------+-------+---------
           D:1 |       0 |      35 |   0.0 |       0 |      23 |   0.0 |  1184
           D:2 |       0 |     135 |   0.0 |       0 |      26 |   0.0 |  1557
           D:3 |       0 |     785 |   0.0 |       0 |      82 |   0.0 |  2645
           D:4 |       0 |     431 |   0.0 |       0 |      25 |   0.0 |   560
           D:5 |       0 |     466 |   0.0 |       0 |      17 |   0.0 |   961
           D:6 |       0 |    1408 |   0.0 |       0 |      32 |   0.0 |  1241
           D:7 |       0 |    1647 |   0.0 |       0 |      19 |   0.0 |   845
           D:8 |       0 |    2875 |   0.0 |       0 |      35 |   0.0 |  1063
           D:9 |       0 |    2668 |   0.0 |       0 |      22 |   0.0 |  1558
          D:10 |       0 |    3611 |   0.0 |       0 |      42 |   0.0 |  1763
          D:11 |       0 |    7610 |   0.0 |       0 |      44 |   0.0 |  2112
        Lair:1 |       0 |    4048 |   0.0 |       0 |      16 |   0.0 |  2667
        Lair:2 |       0 |    8926 |   0.0 |       0 |      51 |   0.0 |  1792
        Lair:3 |       0 |   10211 |   0.0 |       0 |      39 |   0.0 |  1359
        Lair:4 |       0 |    8869 |   0.0 |       0 |      22 |   0.0 |  1215
        Lair:5 |       0 |    6465 |   0.0 |       0 |      24 |   0.0 |   982
         Orc:1 |       0 |    7223 |   0.0 |       0 |      75 |   0.0 |  3383
         Orc:2 |       0 |   10154 |   0.0 |       0 |      39 |   0.0 |  1811
               +---------+---------+-------+---------+---------+-------+---------
